 Dungeon Sprint DCSS version 0.31.0-12-g77e489cdc1 (webtiles) character file.

Game seed: 15399332523618071064

642 Heoruswealwe the Nimble (level 7, -2/94 HPs)
             Began as a Merfolk Shapeshifter on Feb 14, 2024.
             Was a Believer of Cheibriados.
             Slain by a five-headed hydra (5 damage)
             ... in the Dungeon (Sprint IX: "|||||||||||||||||||||||||||||").
             The game lasted 00:07:51 (398 turns).

Heoruswealwe the Nimble (Merfolk Shapeshifter)       Turns: 398, Time: 00:07:51

Health: -2/94      AC:  2    Str: 21    XL:     7   Next: 51%
Magic:  7/7        EV: 26    Int: 15    God:    Cheibriados [**....]
Gold:   0          SH:  0    Dex: 21    Spells: 6/6 levels left

rFire   . .          .
                       - Unarmed
rCold   . . .        (shield currently unavailable)
rNeg    . . .        a - melded +0 plate armour
rPois   .            (no helmet)
rElec   .            f - +0 cloak
rCorr   .            (no gloves)
SInv    .            c - +0 pair of boots
Will    .....        (no amulet) Stlth
                     k - +3 ring of dexterity
HPRegen 0.35/turn    j - +2 ring of evasion
MPRegen 0.10/turn

%: no teleportation
@: berserking, flux-form, glowing, very slow
A: glow, contaminating, (nimble swimmer 2), mertail
a: Begin Untransformation, Renounce Religion, Bend Time


You were in the Dungeon.
You worshipped Cheibriados.
Cheibriados was pleased with you.
You were something dangerously unstable.
You visited 1 branch

Inventory:

Armour
 a - a +0 plate armour (melded)
 c - a +0 pair of boots (worn)
 f - a +0 cloak (worn)
Jewellery
 j - a +2 ring of evasion (right hand)
 k - a +3 ring of dexterity (left hand)
Talismans
 d - a flux talisman (active)
 n - a beast talisman
Wands
 m - a wand of roots (10)
Scrolls
 l - 2 scrolls of amnesia
 q - 2 scrolls of blinking
Potions
 b - a potion of lignification
 e - 5 potions of curing
 g - a potion of haste
 h - 4 potions of magic
 o - a potion of invisibility
 p - 2 potions of heal wounds


   Skills:
 + Level 8.7 Fighting
 + Level 10.7 Dodging
 + Level 9.3 Unarmed Combat
 + Level 10.3 Shapeshifting


You had 6 spell levels left.
You didn't know any spells.
Your spell library was empty.

Dungeon Overview and Level Annotations

Branches:
Dungeon (1/1)

Altars:
Cheibriados
Dithmenos
Elyvilon
Fedhas
Gozag
Hepliaklqana
Kikubaaqudgha
Makhleb
Nemelex Xobeh
Okawaru
Qazlal
Ru
Sif Muna
Trog
Uskayaw
Vehumet
Wu Jian
Xom
Yredelemnul
Zin
The Shining One
Jiyva
Lugonu


Innate Abilities, Weirdness & Mutations

You are something dangerously unstable.
You glow with magical radiation, making you easy to see and hit.
Foes you strike become dangerously contaminated with magical radiation.
You are incapable of wielding weapons or throwing items.
((You are very nimble when in or above water. (Stealth+, EV+, Speed+++)))
Your lower body shifts to a powerful aquatic tail in water.


Message History

You hit the slime creature.
The slime creature glows dangerously bright.
The slime creature is heavily wounded.
You punch the slime creature!
The slime creature shudders as magic cascades through it!!
The slime creature twists and deforms.
The slime creature is almost dead.
The slime creature closely misses you.
You hit the slime creature.
The slime creature begins to glow.
The slime creature is almost dead.
The slime creature completely misses you.
You hit the slime creature.
You kill the slime creature!
Cheibriados appreciates the change of pace.
Cheibriados raises the support of your attributes as your movement slows.
Your Unarmed Combat skill increases to level 9!
Your Shapeshifting skill increases to level 10!
Okay, then.
A red film seems to cover your vision as you go berserk!
Cheibriados forces you to slow down.
You feel mighty!
The five-headed hydra closely misses you.
The five-headed hydra bites you!
The five-headed hydra closely misses you.
The five-headed hydra bites you!
* * * LOW HITPOINT WARNING * * *
The five-headed hydra bites you!
* * * LOW HITPOINT WARNING * * *
You punch the five-headed hydra!
The five-headed hydra begins to glow.
The five-headed hydra is lightly wounded.
The five-headed hydra closely misses you.
The five-headed hydra completely misses you.
The five-headed hydra closely misses you.
The five-headed hydra bites you!
* * * LOW HITPOINT WARNING * * *
The five-headed hydra completely misses you.
The five-headed hydra attacks as it pursues you!
The five-headed hydra barely misses you.
The five-headed hydra bites you.
You die... ▓▓▓▓▓▓▓▓▓▓▓▓▓▓▓▓▓▓▓▓▓▓▓▓▓ _'..)....[[))...pD'YJyT.. ▓▓▓▓▓▓▓▓▓▓▓▓▓▓▓▓▓▓▓▓▓▓▓▓▓

You could see a catoblepas, a five-headed hydra (contam), a slime creature, a troll and a vampire mosquito.

Vanquished Creatures
  A slime creature (D)
  A yak (D)
  An orc warrior (D)
  A centaur (D)
  2 howler monkeys (D)
  A hound (D)
  A gnoll (D)
  An adder (D)
  A white imp (D)
  A dart slug (D)
  2 bats (D)
  A giant cockroach (D)
  A hobgoblin (D)
  A rat (D)
16 creatures vanquished.

Vanquished Creatures (others)
  An orc wizard (D)
1 creature vanquished.

Grand Total: 17 creatures vanquished

Notes
Turn   | Place    | Note
-------+----------+-------------------------------------------
     0 | D        | Heoruswealwe the Merfolk Shapeshifter began the quest for
                  | the Orb.
     0 | D        | Reached XP level 1. HP: 15/15 MP: 1/1
    19 | D        | Noticed a hound
    27 | D        | Reached XP level 2. HP: 23/23 MP: 2/2
    30 | D        | Reached skill level 5 in Shapeshifting
    39 | D        | Reached skill level 5 in Dodging
    39 | D        | Reached skill level 5 in Unarmed Combat
    39 | D        | Reached XP level 3. HP: 17/30 MP: 3/3
    50 | D        | Reached XP level 4. HP: 16/37 MP: 4/4
    53 | D        | Found a snail-covered altar of Cheibriados.
    53 | D        | Found a shadowy altar of Dithmenos.
    53 | D        | Found a white marble altar of Elyvilon.
    53 | D        | Found a blossoming altar of Fedhas.
    53 | D        | Found an opulent altar of Gozag.
    54 | D        | Found a hazy altar of Hepliaklqana.
    55 | D        | Found a viscous altar of Jiyva.
    56 | D        | Found an ancient bone altar of Kikubaaqudgha.
    57 | D        | Became a worshipper of Cheibriados the Contemplative
    58 | D        | Found a corrupted altar of Lugonu.
    59 | D        | Found a burning altar of Makhleb.
    60 | D        | Found a sparkling altar of Nemelex Xobeh.
    61 | D        | Found an iron altar of Okawaru.
    62 | D        | Found a stormy altar of Qazlal.
    63 | D        | Found a sacrificial altar of Ru.
    64 | D        | Found a shimmering blue altar of Sif Muna.
    65 | D        | Found a bloodstained altar of Trog.
    66 | D        | Found a hide-covered altar of Uskayaw.
    67 | D        | Found a radiant altar of Vehumet.
    68 | D        | Found an ornate altar of the Wu Jian Council.
    69 | D        | Found a shimmering altar of Xom.
    70 | D        | Found a basalt altar of Yredelemnul.
    71 | D        | Found a glowing silver altar of Zin.
    72 | D        | Found a glowing golden altar of the Shining One.
   120 | D        | Noticed a yak
   120 | D        | Noticed a centaur
   120 | D        | Noticed an orc warrior
   126 | D        | Killed a yak
   127 | D        | Reached XP level 5. HP: 47/47 MP: 5/5
   131 | D        | Reached * piety under Cheibriados
   132 | D        | Reached XP level 6. HP: 45/53 MP: 6/6
   152 | D        | Killed an orc warrior
   152 | D        | Reached ** piety under Cheibriados
   153 | D        | Reached skill level 10 in Dodging
   153 | D        | Reached XP level 7. HP: 14/62 MP: 7/7
   387 | D        | Noticed a catoblepas
   387 | D        | Noticed a slime creature
   387 | D        | Noticed a five-headed hydra
   387 | D        | Noticed a troll
   387 | D        | Noticed a vampire mosquito
   387 | D        | Noticed a slime creature
   395 | D        | Killed a slime creature
   396 | D        | Reached skill level 10 in Shapeshifting
   397 | D        | HP: 2/94 [five-headed hydra (7)]
   398 | D        | Slain by a five-headed hydra

Illustrated notes

Levels and vault maps discovered:
D:        linesprint [early_d, line_temple, items_1, d_10, items_2, lair_1,
          lair_end, items_3, orc_1, orc_end, items_4, d_15, swamp_1, shoals_1,
          snake_1, spider_1, d_20, vaults_1, items_5, swamp_end, shoals_end,
          snake_end, spider_end, vaults_end, d_27, items_6, zot_1, zot_end,
          crypt_end, forest_end, elf_end, slime_end, tomb_end, abyss_end,
          pan_hell_end]

Skill      XL: |  1  2  3  4  5  6  7 |
---------------+----------------------+-----
Dodging        | 4 5 8 10 | 10.7
Fighting       | 2 3 4 6 8 |  8.7
Unarmed Combat | 4 5 7 8 9 |  9.3
Shapeshifting  | 5 6 8 9 10 | 10.3

Action                     |  1- 3 |  4- 6 |  7- 9 || total
---------------------------+-------+-------+-------++-------
  Melee: Unarmed           |    34 |    31 |     9 ||    74
         Punch             |       |     3 |       ||     3
Ability: Begin Untransform |       |       |     2 ||     2
    Use: Potion            |     1 |       |     1 ||     2
 Armour: Animal skin       |    13 |    10 |       ||    23
         Skin              |       |       |     8 ||     8
  Dodge: Dodged            |    20 |    26 |    10 ||    56
   Form: Flux              |       |       |     2 ||     2
